 Dungeon Sprint DCSS version 0.29-a0-330-g52719c12eb (webtiles) character file.

Game seed: 986505576810029254

378 wakim the Zephyrmancer (level 6, 0/32 HPs)
             Began as a Tengu Air Elementalist on May 30, 2022.
             Was an Initiate of Vehumet.
             Slain by a wraith (2 damage)
             ... in the Dungeon (Sprint IX: "|||||||||||||||||||||||||||||").
             The game lasted 00:02:18 (319 turns).

wakim the Zephyrmancer (Tengu Air Elementalist)      Turns: 319, Time: 00:02:19

Health: 0/32       AC: 10    Str: 11    XL:     6   Next: 74%
Magic:  5/16       EV: 12    Int: 18    God:    Vehumet [......]
Gold:   0          SH:  0    Dex: 14    Spells: 14/17 levels left

rFire   . . .      SeeInvis .   a - +4 quarterstaff (vorpal)
rCold   . . .      Faith    .   (shield currently unavailable)
rNeg    . . .      Spirit   .   T - +1 scale mail
rPois   .          Reflect  .   (helmet restricted)
rElec   .          Harm     .   (no cloak)
rCorr   .          Rampage  .   W - +0 pair of gloves
Will    .....      NoTele   +   (boots unavailable)
Stlth   ++........              (no amulet)
HPRegen 0.10/turn               V - +2 ring of protection
MPRegen 0.15/turn               U - +3 ring of strength

@: flying quickly and evasively, slowed, very slow
A: beak, talons 3, nimble flight
a: Renounce Religion


You were in the Dungeon.
You worshipped Vehumet.
Vehumet was noncommittal.
You visited 1 branch

Inventory:

Hand Weapons
 a - a +4 vorpal quarterstaff (weapon)
Armour
 T - a +1 scale mail (worn)
 W - a +0 pair of gloves (worn)
Jewellery
 U - a +3 ring of strength (right hand)
 V - a +2 ring of protection (left hand)
Wands
 x - a wand of iceblast (10)
Scrolls
 Y - 2 scrolls of blinking {!r}
 Z - 2 scrolls of amnesia
Potions
 C - a potion of berserk rage {!q}
 F - 5 potions of curing
 H - a potion of haste
 I - a potion of invisibility
 J - 3 potions of heal wounds
 K - 5 potions of magic


   Skills:
 - Level 6.3 Dodging
 - Level 6.3 Stealth
 + Level 6.1 Spellcasting
 + Level 8.7 Conjurations
 - Level 10.0 Air Magic


You had 14 spell levels left.
You knew the following spells:

 Your Spells              Type           Power      Damage    Failure   Level
a - Shock                 Conj/Air       100%       1d9       1%          1
d - Static Discharge      Conj/Air       39%        N/A       2%          2

Your spell library contained the following spells:

 Spells                   Type           Power      Damage    Failure   Level
 Swiftness                Air            41%        N/A       3%          3
 Airstrike                Air            20%        N/A       12%         4


Dungeon Overview and Level Annotations

Branches:
Dungeon (1/1)

Altars:
Cheibriados
Dithmenos
Elyvilon
Fedhas
Gozag
Hepliaklqana
Kikubaaqudgha
Makhleb
Nemelex Xobeh
Okawaru
Qazlal
Ru
Sif Muna
Trog
Uskayaw
Vehumet
Wu Jian
Xom
Yredelemnul
Zin
The Shining One
Beogh
Jiyva
Lugonu


Innate Abilities, Weirdness & Mutations

You have a beak for a mouth.
You have claws for feet.
Your magical nature lets you fly swiftly and evasively.


Message History

The zap hits the troll.
The troll is severely wounded.
The zap hits the hornet!
The hornet is heavily wounded.
The zap hits something but does no damage.
The wraith completely misses you. The wraith hits you but does no damage.
The zap misses the wraith.
The zap misses the troll.
The zap hits the hornet but does no damage.
The hornet is heavily wounded.
The wraith hits you but does no damage.
The zap misses the wraith.
The zap hits the troll.
The troll is severely wounded.
The zap hits the hornet.
The hornet is heavily wounded.
The wraith hits you. The wraith drains your vigour!
You feel as though you will be slow longer.
The wraith hits you. The wraith drains your vigour!
You feel as though you will be slow longer. 20/32 (-5)
The zap hits the wraith but does no damage.
The wraith is moderately damaged.
The zap hits the troll.
The troll is almost dead.
The zap misses the hornet.
The zap hits something.
The wraith hits you!
* * * LOW HITPOINT WARNING * * *
The wraith drains your vigour!
You feel as though you will be slow longer. 13/32 (-7)
Casting: Shock (safe; 1% risk of failure)
Confirm with . or Enter, or press ? or * to list all spells.
The wraith is struck by an arc of lightning!
The wraith is heavily damaged.
You are struck by an arc of lightning.
* * * LOW HITPOINT WARNING * * *
The lightning grounds out.
The wraith hits you but does no damage. The wraith hits you!
* * * LOW HITPOINT WARNING * * *
2/32 (-11)
The wraith attacks as you move away! The wraith hits you.
You die...

▓.▓
▓.▓
▓.▓
▓{▓
▓y▓
▓T▓
▓W▓
▓@▓
▓.▓
▓[▓
▓.▓
▓[▓
▓.▓
▓)▓
▓.▓
▓.▓


You could see a troll, a hornet and a wraith.

Vanquished Creatures
  An ice beast (D)
  An ogre (D)
  A centaur (D)
  A scorpion (D)
  A howler monkey (D)
  An orc wizard (D)
  An orc (D)
  2 hobgoblins (D)
  A kobold (D)
  A ball python (D)
  A rat (D)
12 creatures vanquished.

Notes
Turn   | Place    | Note
-------+----------+-------------------------------------------
     0 | D        | wakim the Tengu Air Elementalist began the quest for the
                  | Orb.
     0 | D        | Reached XP level 1. HP: 10/10 MP: 4/4
    18 | D        | Noticed an ice beast
    18 | D        | Noticed an ogre
    18 | D        | Noticed a scorpion
    18 | D        | Noticed an orc wizard
    22 | D        | Reached XP level 2. HP: 9/15 MP: 3/6
    28 | D        | Reached skill level 5 in Air Magic
    28 | D        | Reached XP level 3. HP: 7/19 MP: 0/8
    30 | D        | Killed a scorpion
    30 | D        | Killed an ice beast
    31 | D        | Reached skill level 5 in Dodging
    31 | D        | Reached skill level 5 in Stealth
    31 | D        | Reached skill level 7 in Air Magic
    31 | D        | Reached XP level 4. HP: 10/24 MP: 0/11
    31 | D        | Gained mutation: Your magical nature lets you fly swiftly
                  | and evasively. [Tengu growth]
    31 | D        | Reached XP level 5. HP: 11/28 MP: 0/13
    40 | D        | Killed an ogre
    41 | D        | Reached skill level 5 in Spellcasting
    41 | D        | Reached skill level 8 in Air Magic
    41 | D        | Reached XP level 6. HP: 14/32 MP: 0/15
    44 | D        | Learned a level 2 spell: Static Discharge
   230 | D        | Found a snail-covered altar of Cheibriados.
   230 | D        | Found a shadowy altar of Dithmenos.
   230 | D        | Found a white marble altar of Elyvilon.
   230 | D        | Found a blossoming altar of Fedhas.
   230 | D        | Found an opulent altar of Gozag.
   231 | D        | Found a hazy altar of Hepliaklqana.
   232 | D        | Found a viscous altar of Jiyva.
   233 | D        | Found an ancient bone altar of Kikubaaqudgha.
   234 | D        | Found a corrupted altar of Lugonu.
   235 | D        | Found a burning altar of Makhleb.
   236 | D        | Found a sparkling altar of Nemelex Xobeh.
   237 | D        | Found an iron altar of Okawaru.
   238 | D        | Found a stormy altar of Qazlal.
   239 | D        | Found a sacrificial altar of Ru.
   240 | D        | Found a shimmering blue altar of Sif Muna.
   241 | D        | Found a bloodstained altar of Trog.
   242 | D        | Found a hide-covered altar of Uskayaw.
   243 | D        | Found a radiant altar of Vehumet.
   244 | D        | Found an ornate altar of the Wu Jian Council.
   245 | D        | Found a shimmering altar of Xom.
   246 | D        | Found a basalt altar of Yredelemnul.
   247 | D        | Found a glowing silver altar of Zin.
   248 | D        | Found a glowing golden altar of the Shining One.
   251 | D        | Became a worshipper of Vehumet
   307 | D        | Noticed a vampire
   307 | D        | Noticed a hornet
   307 | D        | Noticed a troll
   307 | D        | Noticed a wraith
   314 | D        | Reached skill level 10 in Air Magic
   319 | D        | Slain by a wraith

Illustrated notes

Levels and vault maps discovered:
D:        linesprint [early_d, line_temple, items_1, d_10, items_2, lair_1,
          lair_end, items_3, orc_1, orc_end, items_4, d_15, swamp_1, shoals_1,
          snake_1, spider_1, d_20, vaults_1, items_5, swamp_end, shoals_end,
          snake_end, spider_end, vaults_end, d_27, items_6, zot_1, zot_end,
          crypt_end, forest_end, elf_end, slime_end, tomb_end, abyss_end,
          pan_hell_end]

Skill      XL: |  1  2  3  4  5  6 |
---------------+-------------------+-----
Conjurations   | 2 3 6 7 8 |  8.7
Dodging        | 3 5 6 |  6.3
Stealth        | 3 5 6 |  6.3
Spellcasting   | 3 4 5 6 |  6.1
Air Magic      | 5 7 8 10 | 10.0

Action                   |  1- 3 |  4- 6 || total
-------------------------+-------+-------++-------
Melee: Unarmed           |     6 |     1 ||     7
       Kick              |     4 |     1 ||     5
 Cast: Shock             |     7 |    11 ||    18
       Static Discharge  |       |     1 ||     1
 Stab: Distracted        |     1 |       ||     1
Armor: Robe              |     1 |       ||     1
       Scale mail        |       |     6 ||     6
Dodge: Dodged            |     6 |     4 ||    10

Table legend: (Time is in decaauts)
 A = Elapsed time spent in this place.
 B = Non-inter-level travel time spent in this place.
 C = Inter-level travel time spent in this place.
 D = Time resting spent in this place.
 E = Time spent auto-exploring this place.
 F = Levels seen in this place.
 G = Mean time per level.
                   A        B        C        D        E       F      G
               +--------+--------+--------+--------+--------+-----+--------+
         Total |    315 |    315 |      0 |      2 |    184 |   1 |  315.0 |
       Dungeon |    315 |    315 |      0 |      2 |    184 |   1 |  315.0 |
               +--------+--------+--------+--------+--------+-----+--------+

Top non-repeatable levels by time:
       D: 315 daAuts
